AoeStats
← Chris77A

Black Forest

504225936Analyzed
2v2 RM · 27d ago on Sep 4, 2026· 47m 50s· 4 players
Game mode
Random Map
Map size
Medium (4 player)
Population
200
Speed
Normal
Resources
Standard
Victory
Conquest
Starting age
Dark Age
Ending age
Imperial Age
RankedLock teamsTeams togetherTeam positionsShared explorationLock speedFull tech treeHidden civsTurbo modeCheats
Victory
Defeat
🇬🇧 Bohemians · United Kingdom
1271
+14
🇬🇧 Teutons · United Kingdom
1202
+18
🇷🇺 Italians · Russia
1240
-16
🇷🇺 Turks · Russia
1232
-16
Chris77A
0:45 Loom
13:56 Feudal Age
18:00 Castle Age
16:39 Double-Bit Axe
21:03 Wheelbarrow
20:40 Bow Saw
20:12 Horse Collar
21:46 Fishing Lines
25:04 Pikeman
25:09 Pikeman
25:50 Squires
27:09 Hand Cart
26:40 Town Watch
28:52 Gold Mining
29:59 Fletching
30:10 Padded Archer Armor
30:22 Forging
29:40 Elite Skirmisher
34:52 Imperial Age
32:29 Bodkin Arrow
32:49 Leather Archer Armor
31:59 Elite Skirmisher
34:55 Ironclad
35:13 Caravan
36:02 Conscription
36:03 Crenellations
35:28 Halberdier
35:55 Arson
36:15 Scale Mail Armor
36:46 Ring Archer Armor
36:31 Heavy Plow
37:32 Hoardings
38:36 Chemistry
38:15 Chain Mail Armor
39:45 Plate Mail Armor
39:13 Elite Teutonic Knight
40:34 Cavalier
41:24 Bloodlines
44:09 Scale Barding Armor
46:12 Iron Casting
46:35 Paladin
47:43 Chain Barding Armor
DrunkMonk
1:31 Loom
12:14 Feudal Age
13:06 Double-Bit Axe
14:19 Forging
14:58 Scale Barding Armor
22:11 Castle Age
21:07 Horse Collar
23:11 Bow Saw
25:02 Crossbowman
25:20 Light Cavalry
27:02 Fletching
27:13 Padded Archer Armor
28:39 Wheelbarrow
28:44 Town Watch
32:53 Chain Barding Armor
37:27 Imperial Age
35:30 Heavy Plow
35:07 Elite Skirmisher
MisterGabby
3:08 Loom
12:04 Feudal Age
16:29 Castle Age
14:15 Horse Collar
14:22 Double-Bit Axe
15:07 Forging
28:26 Imperial Age
26:42 Gold Mining
30:13 Chemistry
31:45 Wheelbarrow
36:49 Stone Mining
40:44 Stone Shaft Mining
40:36 Hand Cart
40:13 Town Watch
42:31 Iron Casting
42:02 Scale Barding Armor
43:26 Town Patrol
44:02 Bloodlines
43:13 Light Cavalry
43:53 Husbandry
44:56 Blast Furnace
44:20 Hussar
46:58 Chain Barding Armor
GabbyMister
0:53 Loom
12:39 Feudal Age
18:30 Castle Age
16:27 Gold Mining
16:25 Double-Bit Axe
16:23 Horse Collar
18:51 Stone Mining
19:58 Wheelbarrow
20:08 Heavy Plow
21:29 Bow Saw
22:35 Hand Cart
30:05 Gold Shaft Mining
35:02 Imperial Age
33:56 Bloodlines
43:35 Masonry
43:35 Fortified Wall
48:24 Two-Man Saw
Connection lost

Rejoining the realm…

Still unreachable

The connection could not be restored.

Session expired

The server has moved on; the page needs a fresh start.